 Dungeon Crawl Stone Soup version 0.26-a0-639-g72c4674329 (webtiles) character file.

Game seed: 15680264800309188093

2086 DogServant the Geomancer (level 9, -9/54 HPs)
             Began as a Gargoyle Earth Elementalist on Sept 19, 2020.
             Killed by divine providence
             ... invoked by an orc priest
              (15 damage)
             ... on level 7 of the Dungeon.
             The game lasted 00:19:25 (9557 turns).

DogServant the Geomancer (GrEE)                     Turns: 9557, Time: 00:19:26

Health: -9/54      AC: 13    Str: 12    XL:     9   Next: 27%
Magic:  12/17      EV: 12    Int: 25    God:
Gold:   477        SH:  0    Dex: 10    Spells: 6/19 levels left

rFire    . . .     SeeInvis .   k - +1 dagger (protect)
rCold    + . .     Faith    .   (no shield)
rNeg     + . .     Spirit   .   c - +1 robe
rPois    ∞         Reflect  .   (no helmet)
rElec    +         Harm     .   e - +0 cloak
rCorr    .         Rampage  .   v - +0 pair of gloves
MR       .....                  B - +1 pair of boots
Stlth    ++........             (no amulet)
HPRegen  0.18/turn              n - +6 ring of intelligence
MPRegen  0.15/turn              l - ring of protection from cold (curse)

@: about to teleport
A: negative energy resistance 1, electricity resistance, unbreathing,
petrification resistance, rot immunity, AC +6
a: no special abilities


You were on level 7 of the Dungeon.
You visited 1 branch of the dungeon, and saw 7 of its levels.

You collected 477 gold pieces.

Inventory:

Hand Weapons
 k - a +1 dagger of protection (weapon)
Missiles
 b - 203 stones (quivered)
Armour
 c - a +1 robe (worn)
 e - a +0 cloak (worn)
 q - a +0 buckler
 v - a +0 pair of gloves (worn)
 B - a +1 pair of boots (worn)
Jewellery
 a - an uncursed ring of resist corrosion
 l - a cursed ring of protection from cold (right hand)
 n - a +6 ring of intelligence (left hand)
Wands
 w - a wand of random effects (21)
 z - a wand of paralysis (20)
Scrolls
 f - a scroll of fog
 r - a scroll of teleportation
 u - a scroll of enchant armour
 C - a scroll of immolation
 D - 3 scrolls of remove curse
Potions
 d - a potion of mutation
 i - a potion of heal wounds
 j - 2 potions of stabbing
 o - 2 potions of lignification {unknown}
 s - 2 potions of curing {unknown}
 t - 2 potions of brilliance {unknown}
 A - a potion of berserk rage {unknown}


   Skills:
 - Level 5.6 Fighting
 - Level 0.6 Short Blades
 - Level 1.5 Dodging
 - Level 2.1 Stealth
 + Level 1.4 Shields
 - Level 1.5 Unarmed Combat
 + Level 5.9 Spellcasting
 - Level 5.4 Conjurations
 + Level 1.4 Transmutations
 + Level 8.3 Earth Magic


You had 6 spell levels left.
You knew the following spells:

 Your Spells              Type           Power        Failure   Level
a - Sandblast             Erth           #####.       1%          1
b - Stone Arrow           Conj/Erth      #####.       1%          3
c - Lee's Rapid Deconstr  Erth           #####.....   7%          5
d - Petrify               Tmut/Erth      ####....     10%         4

Your spell library contained the following spells:

 Spells                   Type           Power        Failure   Level
 Passwall                 Tmut/Erth      ####....     1%          2


Dungeon Overview and Level Annotations

Branches:
Dungeon (7/15)             Temple (0/1) D:7

Altars:
Cheibriados
Elyvilon
Fedhas
Kikubaaqudgha
Qazlal
Trog
Uskayaw
Xom
Yredelemnul

Shops:
D:6 (

Annotations:
D:7 2 transporters, Miritol's ghost, novice GnMo


Innate Abilities, Weirdness & Mutations

You are resistant to torment.
Your stone body is resilient. (AC +6)
You are immune to poison.
You resist negative energy. (rN+)
You are resistant to electric shocks. (rElec)
You can survive without breathing.
You are immune to petrification.
You are immune to rotting.


Message History

Press: ? - help, Shift-Dir - straight line, f - orc priest
Aim: an orc priest, wielding a +0 war axe
Okay, then.
The orc priest invokes the aid of Beogh against you.
You struggle to resist.
The orc warrior hits you from afar with a +0 halberd!
Casting: Sandblast (safe; 1% risk of failure)
Confirm with . or Enter, or press ? or * to list all spells.
Aiming: Stone Arrow (safe; 1% risk of failure)
Press: ? - help, Shift-Dir - straight line, f - orc warrior
Aim: an orc warrior, wielding a +0 halberd and wearing a +0 chain mail The stone arrow hits the orc warrior!
The orc warrior is moderately wounded.
The orc warrior hits you from afar with a +0 halberd!
* * * LOW HITPOINT WARNING * * *
As you read the scroll of teleportation, it crumbles to dust.
You feel strangely unstable.
The orc priest mumbles some strange prayers to Beogh against you.
Beogh smites you!
You die...

#.####.####
#...##.# ###.##.#
#.##.# ####.##.#
##..!.##.#
###.....##.#
###)).©...##.#
#.o@#####....#
#..zo.o###KW.###..#
#.###.# ..K..###.##
#.. ....##..#..# #.
....#§##.##.# #.
.......#...#.# #
#..##._.K...#.#
?!!##WK#.#
####.#§#.##.#


You could see an orc warrior, a wight, an orc priest and an orc.

Vanquished Creatures
  Duvessa (D:4)
  A sky beast (D:5)
  2 ogres
  A phantom (D:4)
  A centaur (D:6)
  Dowan (D:4)
  3 scorpions
  4 wights (D:7)
  2 howler monkeys
  3 hounds
  A bullfrog zombie (D:6)
  A bullfrog skeleton (D:6)
  An orc priest (D:5)
  6 orc wizards
  A gnoll shaman (D:6)
  Natasha (twice) (D:2)
  Ijyb (D:5)
  7 worker ants
  2 worker ant zombies (D:5)
  13 gnolls
  11 adders
  8 river rats (D:6)
  2 oozes
  An adder zombie (D:6)
  An adder skeleton (D:4)
  3 worms
  3 dart slugs
  2 leopard geckos
  16 orcs
  3 giant cockroaches
  9 goblins
  8 hobgoblins
  22 jackals
  12 quokkas
  2 ball pythons
  6 bats
  5 frilled lizards
  A giant cockroach zombie (D:6)
  7 kobolds
  2 quokka skeletons (D:6)
  20 rats
  2 butterflies (D:4)
200 creatures vanquished.

Notes
Turn   | Place    | Note
-------+----------+-------------------------------------------
     0 | D:1      | DogServant the Gargoyle Earth Elementalist began the quest
                  | for the Orb.
     0 | D:1      | Reached XP level 1. HP: 10/10 MP: 3/3
   352 | D:1      | Reached skill level 4 in Earth Magic
   369 | D:1      | Reached XP level 2. HP: 12/15 MP: 5/5
   628 | D:1      | Reached skill level 1 in Unarmed Combat
  1171 | D:2      | Reached XP level 3. HP: 19/19 MP: 0/6
  1706 | D:2      | Reached XP level 4. HP: 15/24 MP: 0/8
  2064 | D:2      | Noticed Natasha
  2078 | D:2      | Killed Natasha
  2460 | D:2      | Noticed Natasha
  2476 | D:2      | Killed Natasha
  2476 | D:2      | Reached skill level 5 in Earth Magic
  2476 | D:2      | Reached XP level 5. HP: 25/28 MP: 6/9
  2596 | D:2      | Learned a level 3 spell: Stone Arrow
  2801 | D:2      | Reached skill level 1 in Fighting
  2834 | D:2      | Found a basalt altar of Yredelemnul.
  3336 | D:3      | Reached skill level 1 in Conjurations
  3678 | D:3      | Reached XP level 6. HP: 35/35 MP: 8/11
  4225 | D:4      | Noticed Dowan
  4227 | D:4      | Noticed Duvessa
  4228 | D:4      | Noticed a phantom
  4235 | D:3      | HP: 1/36 [ogre/+0 giant spiked club (12)]
  4237 | D:3      | Reached XP level 7. HP: 1/40 MP: 2/13
  4254 | D:3      | Reached skill level 6 in Earth Magic
  4951 | D:4      | Found a white marble altar of Elyvilon.
  4978 | D:4      | Found a shimmering altar of Xom.
  5006 | D:4      | Killed Duvessa
  5054 | D:5      | Entered Level 5 of the Dungeon
  5283 | D:4      | Killed Dowan
  5702 | D:4      | Found a snail-covered altar of Cheibriados.
  5981 | D:5      | Reached XP level 8. HP: 48/48 MP: 7/14
  6413 | D:5      | Reached skill level 7 in Earth Magic
  6790 | D:5      | Found a stormy altar of Qazlal.
  6840 | D:5      | Noticed Ijyb
  6843 | D:5      | Killed Ijyb
  6843 | D:5      | Reached skill level 5 in Spellcasting
  7543 | D:6      | Found a hide-covered altar of Uskayaw.
  7584 | D:6      | Found Wagg's Antique Weapon Shoppe.
  7791 | D:6      | Reached skill level 5 in Fighting
  8033 | D:6      | Reached skill level 5 in Conjurations
  8264 | D:6      | Reached XP level 9. HP: 41/54 MP: 12/17
  8341 | D:6      | Reached skill level 8 in Earth Magic
  8720 | D:6      | Learned a level 5 spell: Lee's Rapid Deconstruction
  8725 | D:6      | Learned a level 4 spell: Petrify
  8880 | D:7      | Found a staircase to the Ecumenical Temple.
  8902 | D:7      | Reached skill level 1 in Transmutations
  8937 | D:7      | Identified the +8 rapier "Gyzxik" {antimagic, rN+ MR+ Str+5
                  | Stlth-}
  8938 | D:7      | Found a bloodstained altar of Trog.
  8940 | D:7      | Noticed Miritol's ghost (novice GnMo)
  8943 | D:7      | Noticed a moth of wrath
  8946 | D:7      | Found a transporter.
  8948 | D:7      | Found a transporter.
  8953 | D:7      | Found a blossoming altar of Fedhas.
  8953 | D:7      | Found an ancient bone altar of Kikubaaqudgha.
  9307 | D:7      | Reached skill level 1 in Shields
  9557 | D:7      | Killed from afar by an orc priest

Illustrated notes

Levels and vault maps discovered:
D:1:      dpeg_arrival_tiny_i, layout_loops_ring
D:2:      layout_basic, yredelemnul_altar_generic, uniq_natasha
D:3:      layout_loops_ring
D:4:      wad_crossroads, layout_rooms, cheibriados_altar_1, xom_butterflies,
          elyvilon_altar_1, uniq_duvessa
D:5:      minmay_evil_eye, layout_loops_corners, lemuel_doored_altar, uniq_ijyb
D:6:      lemuel_ratsnest, layout_loops_ring, lemuel_crystal_altar,
          serial_shops, shop, minmay_misc_feat_doors
D:7:      layout_loops_ring, grunt_temple_overflow_growth_and_decay,
          grunt_temple_overflow_lords_of_destruction, lemuel_blue_sif_altar,
          minmay_temple_entry_mist, serial_shops, nicolae_shop_behind_doors,
          gammafunk_ghost_wrathful_warriors, grunt_ministairs_6

Skill      XL: |  1  2  3  4  5  6  7  8  9 |
---------------+----------------------------+-----
Earth Magic    | 4 5 6 7 8 |  8.3
Unarmed Combat | 1 |  1.5
Spellcasting   | 3 4 5 |  5.9
Fighting       | 1 2 3 5 |  5.6
Conjurations   | 1 2 3 5 |  5.4
Transmutations | 1 |  1.4
Shields        | 1 |  1.4
Short Blades   | |  0.6
Dodging        | |  1.5
Stealth        | |  2.1

Action                   |  1- 3 |  4- 6 |  7- 9 || total
-------------------------+-------+-------+-------++-------
Melee: Unarmed           |    79 |       |       ||    79
       Dagger            |    51 |   109 |   221 ||   381
       Short sword       |       |    27 |       ||    27
       Punch             |       |     1 |     1 ||     2
 Cast: Sandblast         |    29 |    71 |    81 ||   181
       Stone Arrow       |       |     1 |    75 ||    76
  Use: Scroll            |       |     4 |    13 ||    17
       Potion            |       |       |     2 ||     2
 Stab: Sleeping          |     1 |       |     1 ||     2
Armor: Robe              |    69 |    60 |   120 ||   249
Dodge: Dodged            |   129 |   117 |   173 ||   419

Table legend: (Time is in decaauts)
 A = Elapsed time spent in this place.
 B = Non-inter-level travel time spent in this place.
 C = Inter-level travel time spent in this place.
 D = Time resting spent in this place.
 E = Time spent auto-exploring this place.
 F = Levels seen in this place.
 G = Mean time per level.
                   A        B        C        D        E       F      G
               +--------+--------+--------+--------+--------+-----+--------+
         Total |   9530 |   9346 |    184 |   2019 |   5731 |   7 | 1361.4 |
       Dungeon |   9530 |   9346 |    184 |   2019 |   5731 |   7 | 1361.4 |
               +--------+--------+--------+--------+--------+-----+--------+

Top non-repeatable levels by time:
     D:5: 1827 daAuts
     D:2: 1769 daAuts
     D:3: 1731 daAuts
     D:6: 1294 daAuts
     D:1: 1164 daAuts
     D:4: 1023 daAuts
     D:7: 719 daAuts
